 Dungeon Crawl Stone Soup version 0.23.2-1-ga50397a (webtiles) character file.

Game seed: 9187352535029288984

233 Kairos the Insei (level 6, -6/38 HPs)
             Began as an Octopode Transmuter on Apr 25, 2019.
             Was a Follower of Cheibriados.
             Mangled by a human zombie (7 damage)
             ... in an ossuary.
             The game lasted 00:06:51 (3514 turns).

Kairos the Insei (Octopode Transmuter)              Turns: 3514, Time: 00:06:53

Health: -6/38      AC:  1    Str: 13    XL:     6   Next: 4%
Magic:  8/9        EV: 14    Int: 21    God:    Cheibriados [*.....]
Gold:   144        SH:  0    Dex: 16    Spells: 3/9 levels left

rFire    . . .     SeeInvis .     - Unarmed
rCold    . . .     Gourm    .   (no shield)
rNeg     . . .     Faith    .   (helmet restricted)
rPois    .         Spirit   .   (no amulet)
rElec    .         Reflect  .   b - +2 ring of intelligence
rCorr    .         Harm     .   g - ring of protection from magic
MR       +....                  d - ring of flight
Stlth    +++.......             (no ring)
HPRegen  0.12/turn              (no ring)
MPRegen  0.11/turn              (no ring)
                                (no ring)
                                (no ring)

@: appendage (expiring), very slow
A: almost no armour, stealthy swim, amphibious, 8 rings, constrict 8, tentacle
spike 3, camouflage 1, gelatinous body 1
a: End Transformation, Bend Time, Renounce Religion, Evoke Flight


You were in an ossuary.
You worshipped Cheibriados.
Cheibriados was aware of your devotion.
You were hungry.
One of your tentacles had a temporary spike.
You visited 1 branch of the dungeon, and saw 4 of its levels.
You also visited: Ossuary.

You collected 144 gold pieces.

Inventory:

Missiles
 a - 29 arrows
Jewellery
 b - a +2 ring of intelligence (left tentacle)
 d - a ring of flight (on tentacle)
 g - a ring of protection from magic (right tentacle)
Scrolls
 f - 3 scrolls of remove curse
 h - a scroll of teleportation
 j - a scroll of random uselessness {unknown}
 l - a scroll of identify {unknown}
Potions
 k - a potion of curing
Comestibles
 c - 8 rations


   Skills:
 + Level 1.4 Fighting
 + Level 2.6 Dodging
 + Level 3.3 Stealth
 + Level 4.8 Unarmed Combat
 + Level 2.4 Spellcasting
 + Level 2.9 Transmutations


You had 3 spell levels left.
You knew the following spells:

 Your Spells              Type           Power        Failure   Level  Hunger
a - Beastly Appendage     Tmut           ##....       4%          1    None
b - Sticks to Snakes      Tmut           ##......     6%          2    ##.....
c - Spider Form           Tmut/Pois      #.........   24%         3    ###....

Your spell library contained the following spells:

 Spells                   Type           Power        Failure   Level  Hunger
 Ice Form                 Ice/Tmut       #.......     61%         4    ####...
 Blade Hands              Tmut           ##........   75%         5    ######.


Dungeon Overview and Level Annotations

Branches:
Dungeon (4/15)             Temple (0/1) D:4

Altars:
Cheibriados
Hepliaklqana
Okawaru
Qazlal
Ru
Uskayaw
Wu Jian


Innate Abilities, Weirdness & Mutations

You cannot wear most types of armour.
You are very stealthy in the water. (Stealth+)
You are amphibious.
You can wear up to eight rings at the same time.
You can use your tentacles to constrict eight enemies at once.
Your skin changes colour to match your surroundings (Stealth+).
Your rubbery body absorbs attacks. (AC +1, EV +1)
One of your tentacles bears a large vicious spike.


Message History

You pierce the human zombie.
You tentacle-slap the human zombie.
The human zombie is heavily damaged.
You constrict the human zombie. The human zombie barely misses you.
An elf zombie comes into view.
It was a potion of curing.
You feel better.
You constrict the human zombie. The human zombie barely misses you.
You tentacle-slap the human zombie.
The human zombie is heavily damaged.
You constrict the human zombie.
You tentacle-slap the mummy but do no damage.
You grab the mummy. You constrict the human zombie. You constrict the mummy.
The human zombie hits you!
You tentacle-slap the mummy but do no damage.
You pierce the mummy, but do no damage.
The mummy is lightly damaged.
Your transformation is almost over.
You constrict the human zombie. You constrict the mummy. The mummy hits you!
* * * LOW HITPOINT WARNING * * *
The human zombie hits you!
You die...

######################
#.........∩∩....M....#
#..............@ZZ...#
#...##############...#
#...# #...# #...#
#Z..# #...# #...#
#...# #...# #...#
#...# #...# ....#
#...# #...# ....##
#...#


You could see a mummy, an elf zombie and a human zombie.

Vanquished Creatures
  A human zombie (Ossuary)
  A hound (D:4)
  2 big kobold zombies (Ossuary)
  A mummy (Ossuary)
  A gnoll (D:3)
  2 adders (D:2)
  An ooze (D:2)
  An adder zombie (Ossuary)
  3 dart slugs
  3 leopard geckos
  An orc (D:3)
  A ball python (D:1)
  2 giant cockroaches
  6 goblins (D:1)
  5 hobgoblins
  4 jackals (D:2)
  8 kobolds
  A quokka (D:2)
  4 bats
  5 frilled lizards
  7 hobgoblin zombies (Ossuary)
  10 kobold zombies (Ossuary)
  8 orc zombies (Ossuary)
  12 rats
90 creatures vanquished.

Notes
Turn   | Place    | Note
-------+----------+-------------------------------------------
     0 | D:1      | Kairos the Octopode Transmuter began the quest for the Orb.
     0 | D:1      | Reached XP level 1. HP: 13/13 MP: 3/3
    78 | D:1      | Reached XP level 2. HP: 13/18 MP: 5/5
   619 | D:1      | Reached XP level 3. HP: 17/23 MP: 6/6
  1011 | D:2      | Found a faded altar of an unknown god.
  1031 | D:2      | Reached skill level 1 in Stealth
  1042 | D:2      | Found a stormy altar of Qazlal.
  1080 | D:2      | Reached XP level 4. HP: 12/28 MP: 7/7
  1083 | D:2      | Reached skill level 4 in Unarmed Combat
  1615 | D:2      | Found a snail-covered altar of Cheibriados.
  1908 | D:2      | Found a hide-covered altar of Uskayaw.
  1909 | D:2      | Found an iron altar of Okawaru.
  1910 | D:2      | Found an ornate altar of the Wu Jian Council.
  1911 | D:2      | Found a hazy altar of Hepliaklqana.
  1972 | D:2      | Became a worshipper of Cheibriados the Contemplative
  2104 | D:3      | Learned a level 2 spell: Sticks to Snakes
  3045 | D:4      | Reached XP level 5. HP: 19/33 MP: 8/8
  3160 | D:4      | Found a sacrificial altar of Ru.
  3186 | D:4      | Found a sand-covered staircase.
  3191 | Ossuary  | Entered an ossuary
  3338 | Ossuary  | Reached * piety under Cheibriados
  3371 | Ossuary  | Learned a level 3 spell: Spider Form
  3505 | Ossuary  | Reached XP level 6. HP: 15/38 MP: 7/9
  3514 | Ossuary  | HP: 1/38 [mummy (13)]
  3514 | Ossuary  | Mangled by a human zombie

Skill      XL: |  1  2  3  4  5 |
---------------+----------------+-----
Stealth        | 1 2 3 |  3.3
Unarmed Combat | 4 |  4.8
Fighting       | |  1.4
Dodging        | |  2.6
Spellcasting   | |  2.4
Transmutations | |  2.9

Action                   |  1- 3 |  4- 6 || total
-------------------------+-------+-------++-------
Melee: Unarmed           |    81 |   137 ||   218
       Constrict         |    23 |    46 ||    69
       Tentacles         |     9 |    28 ||    37
       Punch             |     2 |     4 ||     6
       Kick              |     5 |    31 ||    36
 Cast: Beastly Appendage |     3 |    12 ||    15
  Use: Scroll            |       |     4 ||     4
       Potion            |       |     3 ||     3
 Stab: Sleeping          |     7 |     5 ||    12
  Eat: Chunk             |       |     5 ||     5
       Ration            |       |     1 ||     1
Armor: Skin              |     6 |     9 ||    15
Dodge: Dodged            |    45 |    92 ||   137
